[Event "ICC tourney 2604 (40 5)"]
[Site "Internet Chess Club"]
[Date "2021.06.13"]
[Round "6"]
[White "TAO, SIHAN:K06-16931716"]
[Black "OKUNO, RION:K06-16978387"]
[Result "1-0"]
[ICCResult "Black checkmated"]
[WhiteElo "1530"]
[BlackElo "1587"]
[Opening "Sicilian: Najdorf, Byrne (English) attack"]
[ECO "B90"]
[NIC "SI.14"]
[Time "17:00:10"]
[PlyCount "141"]
[TimeControl "2400+5"]

1. e4 c5 2. Nf3 d6 3. d4 cxd4 4. Nxd4 Nf6 5. Nc3 a6 6. Be3 Ng4 7. Bc1 Nf6
8. Be3 Ng4 9. Bc1 g6 10. Bc4 Bg7 11. f3 Nf6 12. Be3 Qc7 13. Bb3 h5 14. Qd2
Nbd7 15. O-O-O b5 16. Nd5 Nxd5 17. Bxd5 Bb7 18. Rhe1 Nb6 19. Nb3 Bxd5 20.
Bxb6 Qxb6 21. Qxd5 O-O 22. Kb1 Rac8 23. Qd2 Rc4 24. Qe3 Qc7 25. Re2 Rc8 26.
Qd3 a5 27. Nc1 Rd4 28. Qxd4 Bxd4 29. Rxd4 b4 30. Rd1 a4 31. Red2 a3 32. b3
Qc3 33. Nd3 d5 34. e5 Kg7 35. Re2 Rc4 36. bxc4 dxc4 37. Kc1 b3 38. Nb4 Qxb4
39. cxb3 Qc3+ 40. Kb1 cxb3 41. Rdd2 bxa2+ 42. Kxa2 f6 43. exf6+ Kxf6 44.
Rc2 Qa5 45. Re3 Qd5+ 46. Kxa3 Qd6+ 47. Kb2 Qxh2 48. Ree2 Qd6 49. Kc1 Qf4+
50. Rcd2 Kf5 51. Kd1 Qg3 52. Rf2 e6 53. Ke1 g5 54. Kf1 Qh2 55. g4+ hxg4 56.
Rxh2 gxf3 57. Kf2 g4 58. Rh5+ Ke4 59. Ra5 Kf4 60. Ra4+ Kf5 61. Rdd4 g3+ 62.
Kxg3 e5 63. Re4 Ke6 64. Kxf3 Kf5 65. Ra5 Kf6 66. Raxe5 Kg6 67. Rf4 Kh6 68.
Kg4 Kg6 69. Rg5+ Kh6 70. Kf5 Kh7 71. Rh4# { Black checkmated } 1-0

[Event "ICC tourney 2604 (40 5)"]
[Site "Internet Chess Club"]
[Date "2021.06.13"]
[Round "6"]
[White "GILLSTON, NOAH:K06-15800411"]
[Black "BAYYARAPU, MOHIT SREEJAN:K06-15582120"]
[Result "0-1"]
[ICCResult "White resigns"]
[WhiteElo "1671"]
[BlackElo "1742"]
[Opening "Sicilian: Smith-Morra gambit"]
[ECO "B21"]
[NIC "SI.48"]
[Time "17:00:14"]
[PlyCount "114"]
[TimeControl "2400+5"]

1. e4 c5 2. d4 cxd4 3. c3 g6 4. cxd4 Bg7 5. Nf3 d5 6. e5 Nc6 7. Nc3 e6 8.
Bb5 a6 9. Ba4 Ne7 10. Bg5 O-O 11. Bc2 Qb6 12. Rb1 f6 13. exf6 Bxf6 14. Bxf6
Rxf6 15. O-O Bd7 16. Qd2 Kg7 17. a3 Raf8 18. Na4 Qc7 19. Nc5 Bc8 20. Rbc1
Ng8 21. Nd3 Qe7 22. Nde5 Nh6 23. Nxc6 bxc6 24. Ne5 Bb7 25. Ba4 Nf7 26. Bxc6
Nxe5 27. dxe5 R6f7 28. Bxb7 Qxb7 29. Rc3 Qb6 30. Rh3 Kg8 31. Rc3 Rf5 32.
Re3 Qb8 33. Qd4 Rf4 34. Qd2 Qb5 35. b4 Rc4 36. Rc1 Rfc8 37. Rxc4 Qxc4 38.
Re1 d4 39. g3 d3 40. Rd1 Rd8 41. f4 Qe4 42. Kf2 Kg7 43. a4 Rc8 44. Qe3 Rc2+
45. Rd2 Qxb4 46. Ke1 Qb1+ 47. Rd1 Qb4+ 48. Rd2 Rc3 49. Qa7+ Kh6 50. Kf2 Rc2
51. Rxc2 dxc2 52. Qe3 Qb2 53. f5+ g5 54. h4 c1=Q+ 55. Kf3 Qxe3+ 56. Kxe3
Qxe5+ 57. Kd3 Qxf5+ { White resigns } 0-1

[Event "ICC tourney 2604 (40 5)"]
[Site "Internet Chess Club"]
[Date "2021.06.13"]
[Round "6"]
[White "HARDAWAY, BREWINGTON:K06-15728407"]
[Black "ZHAO, ERICK:K06-15346712"]
[Result "0-1"]
[ICCResult "White checkmated"]
[WhiteElo "2240"]
[BlackElo "2270"]
[Opening "Sicilian: Najdorf"]
[ECO "B90"]
[NIC "SI.14"]
[Time "17:00:10"]
[PlyCount "168"]
[TimeControl "2400+5"]

1. e4 c5 2. Nf3 d6 3. d4 cxd4 4. Nxd4 Nf6 5. Nc3 a6 6. Bd3 e5 7. Nb3 Be7 8.
O-O O-O 9. f3 Be6 10. Be3 Nbd7 11. Qd2 b5 12. Nd5 Bxd5 13. exd5 Nb6 14.
Bxb6 Qxb6+ 15. Kh1 a5 16. a4 b4 17. Bb5 Nh5 18. Bc6 Ra7 19. Rae1 f5 20. Qe3
Qb8 21. Nc1 Rf6 22. Nd3 Rh6 23. f4 e4 24. Nf2 Bd8 25. Nh3 Bb6 26. Qe2 Qd8
27. c3 Bc5 28. Qb5 Kf7 29. cxb4 axb4 30. Rc1 Be3 31. Rce1 Bc5 32. Rc1 Be3
33. Rc2 g6 34. Qxb4 Qh4 35. Qc3 Bxf4 36. Qd4 Re7 37. Qf2 Qxf2 38. Rcxf2 g5
39. a5 e3 40. Re2 Kf6 41. Kg1 Be5 42. g4 Nf4 43. Nxf4 gxf4 44. gxf5 Kxf5
45. Ba4 Ke4 46. Bc2+ Kxd5 47. a6 Kc5 48. Bd3 Kb6 49. b4 Rg7+ 50. Kh1 Rh3
51. Be4 Kxa6 52. Bf3 Rh6 53. Rc2 Rhg6 54. Be2+ Kb6 55. Bf3 d5 56. b5 Bd4
57. Re2 Kxb5 58. Rb1+ Kc5 59. Rc1+ Kd6 60. Rd1 Ke5 61. Ree1 Rb6 62. Re2 Rb4
63. Rc2 Rc4 64. Re2 Rgc7 65. Rg1 Rc1 66. Kg2 Rxg1+ 67. Kxg1 Rc1+ 68. Kg2
Bc3 69. Ra2 Ra1 70. Rc2 d4 71. Be2 Ke4 72. Bf3+ Kd3 73. Re2 Rb1 74. Bg4 Rb2
75. Kf1 Rxe2 76. Bxe2+ Kd2 77. h4 d3 78. Bf3 e2+ 79. Kg2 e1=Q 80. h5 Qg3+
81. Kh1 Qxf3+ 82. Kg1 Bd4+ 83. Kh2 Qg3+ 84. Kh1 Qg1# { White checkmated }
0-1